 Dungeon Crawl Stone Soup version 0.30-a0-322-g102857c98e (webtiles) character file.

Game seed: 7179380096071224933

16 LnG the Caller (level 2, -1/15 HPs)
             Began as a Kobold Summoner on Oct 27, 2022.
             Slain by a kobold
             ... wielding a +0 short sword
              (4 damage)
             ... on level 1 of the Dungeon.
             The game lasted 00:04:19 (414 turns).

LnG the Caller (Kobold Summoner)                     Turns: 414, Time: 00:04:19

Health: -1/15      AC:  2    Str:  5    XL:     2   Next: 75%
Magic:  4/5        EV: 15    Int: 16    God:
Gold:   22         SH:  0    Dex: 15    Spells: 2/5 levels left

rFire   . . .      SeeInvis .    e - +0 dagger
rCold   . . .      Faith    .    (no shield)
rNeg    . . .      Spirit   .    a - +0 robe
rPois   .          Reflect  .    (no helmet)
rElec   .          Harm     .    (no cloak)
rCorr   .          Rampage  .    (no gloves)
Will    .....                    (no boots)
Stlth   +++.......               (no amulet)
HPRegen 0.22/turn                (no ring)
MPRegen 0.09/turn                (no ring)

@: no status effects
A: small, no large weapons, nightstalker 3
a: no special abilities


You were on level 1 of the Dungeon.
You visited 1 branch of the dungeon, and saw 2 of its levels.

You collected 22 gold pieces.

Inventory:

Hand Weapons
 e - a +0 dagger (weapon)
Armour
 a - a +0 robe (worn)
Scrolls
 c - a scroll of magic mapping {unknown}
 f - a scroll of noise {unknown}
Potions
 b - a potion of magic
 d - a potion of invisibility {unknown}


   Skills:
 + Level 0.2 Fighting
 + Level 0.7 Short Blades
 * Level 2.6 Dodging
 + Level 2.7 Stealth
 + Level 2.3 Spellcasting
 + Level 4.3 Summonings


You had 2 spell levels left.
You knew the following spells:

 Your Spells              Type           Power      Damage    Failure   Level
a - Summon Small Mammal   Summ           60%        N/A       3%          1
b - Call Imp              Summ           15%        N/A       4%          2

Your spell library contained the following spells:

 Spells                   Type           Power      Damage    Failure   Level
 Call Canine Familiar     Summ           15%        N/A       10%         3
 Summon Guardian Golem    Hex/Summ       8%         N/A       24%         3
 Summon Lightning Spire   Summ/Air       8%         N/A       63%         4


Dungeon Overview and Level Annotations

Branches:
Dungeon (2/15)

Altars:


Innate Abilities, Weirdness & Mutations

You are small and have problems with some larger weapons.
You are completely attuned to the shadows.


Message History

The jackal is severely wounded.
Your rat closely misses the jackal.
The kobold hits you but does no damage. The jackal misses you.
You barely miss the jackal.
The jackal is severely wounded.
The jackal completely misses you.
Your rat closely misses the jackal.
The kobold hits you but does no damage. The jackal closely misses you.
You hit the jackal but do no damage.
The jackal is severely wounded.
Your rat misses the jackal. The kobold hits you but does no damage.
The jackal misses you.
You closely miss the jackal.
The jackal is severely wounded.
Your rat closely misses the jackal.
The jackal bites you. The kobold barely misses you.
You hit the jackal.
The jackal is almost dead.
The jackal barely misses you.
Your rat barely misses the jackal.
The kobold barely misses you. The jackal barely misses you.
You barely miss the jackal.
The jackal is almost dead.
Your rat bites the jackal.
The jackal dies!
The kobold closely misses you.
You barely miss the kobold.
Your rat closely misses the kobold.
The kobold hits you with a +0 short sword.
You closely miss the kobold.
Your rat completely misses the kobold.
The kobold hits you with a +0 short sword.
You hit the kobold but do no damage.
Your rat closely misses the kobold.
The kobold barely misses you.
You barely miss the kobold.
Your rat bites the kobold but does no damage.
The kobold hits you with a +0 short sword.
* * * LOW HITPOINT WARNING * * *
You barely miss the kobold.
Your rat barely misses the kobold.
The kobold hits you with a +0 short sword.
* * * LOW HITPOINT WARNING * * *
You barely miss the kobold.
Your rat closely misses the kobold.
The kobold hits you with a +0 short sword.
You die...

..#..#... ...........#
.....#.# #.#....).....
....#..# . #.#.....$....
......##..### #.#.5........
............####...........
...........................
...............#.#########
.............##.K# ########
..#........†.#.r@##........#
......>........#.##........#
.##...........##.##......<.#
#..............##........#
##..........##.##........#
#..........##.#####'#####
.......)..##..#####.######
..............#..........#
.............#..≈≈≈≈..8.#


You could see a kobold (ally target) and a friendly rat (summoned).

Vanquished Creatures
  A ball python (D:1)
  An endoplasm (D:1)
  A giant cockroach (D:1)
  A goblin (D:1)
  2 jackals (D:1)
  2 kobolds
  A bat (D:1)
  A rat (D:1)
10 creatures vanquished.

Vanquished Creatures (collateral kills)
  A goblin (D:1)
  2 jackals (D:1)
3 creatures vanquished.

Grand Total: 13 creatures vanquished

Notes
Turn   | Place    | Note
-------+----------+-------------------------------------------
     0 | D:1      | LnG the Kobold Summoner began the quest for the Orb.
     0 | D:1      | Reached XP level 1. HP: 10/10 MP: 3/3
   234 | D:1      | Reached XP level 2. HP: 10/15 MP: 5/5
   358 | D:2      | Learned a level 2 spell: Call Imp
   414 | D:1      | Slain by a kobold

Illustrated notes

Levels and vault maps discovered:
D:1:      dpeg_arrival_rooms_c, layout_rooms
D:2:      layout_basic, chequers_avenue

Action                   || total
-------------------------++-------
Melee: Dagger            ||    61
       Unarmed           ||     6
 Cast: Summon Small Mamm ||     9
       Call Imp          ||     1
 Stab: Sleeping          ||     1
Armor: Robe              ||    20
Dodge: Dodged            ||    97

Table legend: (Time is in decaauts)
 A = Elapsed time spent in this place.
 B = Non-inter-level travel time spent in this place.
 C = Inter-level travel time spent in this place.
 D = Time resting spent in this place.
 E = Time spent auto-exploring this place.
 F = Levels seen in this place.
 G = Mean time per level.
                   A        B        C        D        E       F      G
               +--------+--------+--------+--------+--------+-----+--------+
         Total |    413 |    413 |      0 |     35 |    219 |   2 |  206.5 |
       Dungeon |    413 |    413 |      0 |     35 |    219 |   2 |  206.5 |
               +--------+--------+--------+--------+--------+-----+--------+

Top non-repeatable levels by time:
     D:1: 365 daAuts
     D:2: 47 daAuts
